Map: Taito Citadel LE

Players

Dudesick

  • Race: Protoss Protoss
  • League: Diamond
  • Spawn Location: 5:00

HoldTheDoor - Winner!

  • Race: Protoss Protoss
  • League: Diamond
  • Spawn Location: 11:00

VOD

Have the link to the VOD?

Description

Time

  • Played on: May 17, 2026, 1:02 p.m.
  • Length: 12:03
Show
View Real Time Build Order
Export as new Build Order

Dudesick Protoss 

Build Orders:  

Get SALT Encoding   

  12  0:00  Probe  
  13  0:12  Probe  
  14  0:17  Pylon  
  14  0:25  Probe  
  15  0:35  Gateway  
  15  0:39  Probe  
  16  0:43  Assimilator  
  16  0:51  Probe  
  17  1:00  Probe, Assimilator  
  18  1:08  Probe  
  18  1:18  Probe  
  19  1:23  Cybernetics Core  
  20  1:38  Probe  
  20  1:46  Probe  
  21  1:51  Gateway  
  21  1:53  Warp Gate  
  22  2:10  Pylon  
  22  2:11  Probe  
  23  2:17  Robotics Facility  
  23  2:25  Stalker  
  23  2:28  Probe  
  23  2:29  Pylon  
  26  2:41  Stalker  
  26  2:42  Probe  
  29  2:51  Gateway x2  
  29  2:54  Probe, Gateway  
  29  3:07  Warp Prism  
  31  3:23  Pylon  
  31  3:24  Pylon  
  31  3:45  Stalker  
  31  3:46  Stalker x2  
  37  3:50  Stalker  
  39  4:00  Stalker  
  41  4:23  Adept x4  
  47  5:12  Stalker x5  
  53  5:18  Twilight Council  
  51  5:42  Stalker x5, Blink  
  55  5:52  Pylon  
  55  5:58  Pylon  
  31  6:45  Stalker x5  
  39  7:22  Nexus  
  39  7:23  Dark Shrine  
  39  7:24  Pylon  
  39  7:35  Warp Prism  
  41  7:43  Shield Battery  
  41  7:58  Shield Battery  
  41  8:39  Probe x2  
  43  8:46  Dark Templar  
  43  8:47  Dark Templar  
  47  8:51  Probe x2  
  49  9:03  Probe x2  
  49  9:15  Probe  
  50  9:21  Archon  
  50  9:27  Probe x2  
  52  9:35  Probe x2  
  56  9:39  Observer  
  56  9:42  Dark Templar x2  
  56  9:45  Probe x2  
  59  9:50  Dark Templar x2  
  65  9:53  Observer  
  65  9:57  Probe x2  
  68  10:09  Probe, Dark Templar  
  71  10:18  Zealot x2  
  71  10:20  Probe  
  76  10:21  Probe, Assimilator  
  76  10:23  Assimilator  
  77  10:38  Dark Templar  
  63  11:05  Dark Templar  
  64  11:33  Probe x2  
  64  11:45  Probe  
Show
View Real Time Build Order
Export as new Build Order

HoldTheDoor Protoss - Winner!

Build Orders:  

Get SALT Encoding   

  12  0:00  Probe  
  13  0:12  Probe  
  14  0:17  Pylon  
  14  0:23  Probe  
  15  0:31  Probe  
  16  0:39  Probe  
  16  0:40  Gateway  
  16  0:48  Assimilator  
  17  0:50  Probe  
  18  0:58  Assimilator  
  18  1:04  Probe  
  19  1:13  Gateway  
  19  1:17  Probe  
  20  1:29  Cybernetics Core, Probe  
  21  1:39  Pylon  
  21  1:41  Probe  
  22  1:53  Probe  
  23  2:04  Pylon  
  23  2:05  Stalker x2, Probe  
  24  2:09  Warp Gate  
  28  2:17  Probe  
  28  2:19  Pylon  
  29  2:32  Stalker  
  31  2:37  Sentry  
  33  2:53  Pylon  
  33  3:05  Nexus  
  33  3:07  Pylon  
  33  3:18  Stargate  
  33  3:23  Probe  
  34  3:37  Probe  
  35  3:50  Probe  
  35  3:53  Pylon  
  35  3:54  Gateway  
  35  3:55  Gateway  
  36  4:02  Probe  
  37  4:04  Stalker  
  37  4:06  Sentry  
  41  4:10  Shield Battery  
  41  4:14  Probe  
  42  4:22  Void Ray  
  42  4:26  Probe  
  47  4:32  Shield Battery  
  47  4:40  Shield Battery  
  47  4:45  Stalker  
  49  4:48  Stalker  
  43  5:00  Stalker  
  41  5:17  Stalker  
  41  5:20  Sentry  
  39  5:46  Shield Battery  
  39  5:48  Stalker  
  41  5:51  Zealot  
  41  5:53  Probe  
  44  6:06  Probe  
  45  6:11  Probe  
  42  6:31  Stalker x2  
  34  6:46  Stalker x2  
  36  6:57  Probe x2  
  36  7:09  Probe x2  
  36  7:10  Zealot  
  40  7:19  Sentry  
  40  7:20  Sentry  
  40  7:21  Probe  
  45  7:23  Probe  
  46  7:34  Probe  
  46  7:35  Probe  
  48  7:46  Twilight Council  
  48  7:47  Probe x2  
  50  7:59  Probe  
  51  8:10  Robotics Facility  
  51  8:15  Pylon  
  51  8:18  Assimilator, Forge, Probe  
  52  8:21  Probe  
  52  8:22  Pylon  
  53  8:32  Probe  
  54  8:34  Probe  
  54  8:41  Gateway  
  55  8:44  Probe  
  55  8:46  Probe  
  60  8:56  Probe  
  60  8:57  Charge, Observer  
  61  9:13  Oracle  
  60  9:30  Pylon  
  57  9:33  Pylon  
  57  9:36  Probe  
  58  9:39  Pylon  
  58  9:40  Pylon  
  58  9:44  Probe  
  59  9:48  Probe  
  60  9:56  Probe  
  60  9:58  Protoss Ground Weapons Level 1  
  61  10:03  Photon Cannon  
  61  10:04  Pylon  
  61  10:12  Photon Cannon  
  61  10:24  Photon Cannon  
  61  10:29  Immortal  
  61  10:32  Probe  
  61  10:34  Probe  
  67  10:44  Probe  
  67  10:46  Pylon  
  67  10:49  Assimilator  
  64  10:54  Stalker  
  60  11:02  Observer  
  56  11:05  Void Ray  
  61  11:17  Zealot  
  61  11:18  Zealot  
  65  11:21  Sentry  
  65  11:23  Probe  
  63  11:36  Probe x2  
  64  11:48  Probe x2, Zealot x2  
  64  11:49  Zealot  
Tags
 
Matchup
PvP
Replay Pack
SC2Mai2026
Spawn Locations
Cross Positions
Add a new tag
Caveats
  • Supply blocks, unpowered buildings, or Contaminate may cause inaccurate times.
  • Supply counts are checked every 10 seconds.